 Dungeon Crawl Stone Soup version 0.28-a0-1038-g9c4cb8273d (webtiles) character file.

Game seed: 12510563069061545753

921 croobank the Covert (level 8, -3/52 HPs)
             Began as an Octopode Delver on Dec 8, 2021.
             Was an Initiate of Ashenzari.
             Slain by an ice beast (13 damage)
             ... on level 6 of the Dungeon.
             The game lasted 00:36:22 (6367 turns).

croobank the Covert (Octopode Delver)               Turns: 6367, Time: 00:36:22

Health: -3/52      AC:  1    Str: 13    XL:     8   Next: 10%
Magic:  0/14       EV: 17    Int: 13    God:    Ashenzari [......]
Gold:   249        SH:  0    Dex: 13    Spells: 11/15 levels left

rFire   . . .      SeeInvis .   a - +0 hand axe
rCold   . . .      Faith    .   (no shield)
rNeg    . . .      Spirit   +   (helmet restricted)
rPois   .          Reflect  .   g - amulet of guardian spirit
rElec   .          Harm     .   d - +4 ring of evasion
rCorr   +          Rampage  .   v - ring of resist corrosion
Will    .....                   (no ring)
Stlth   +++++.....              (no ring)
HPRegen 0.17/turn               (no ring)
MPRegen 0.14/turn               (no ring)
                                (no ring)
                                (no ring)

@: attractive, very slightly contaminated
A: almost no armour, amphibious, 8 rings, camouflage 1, gelatinous body 1,
(nimble swimmer 1), tentacles
a: Renounce Religion


You were on level 6 of the Dungeon.
You worshipped Ashenzari.
Ashenzari was noncommittal.
You visited 2 branches of the dungeon, and saw 7 of its levels.

You collected 249 gold pieces.

Inventory:

Hand Weapons
 a - a +0 hand axe (weapon)
 b - a +0 hunting sling
 j - a +0 dagger of pain
 r - a +0 short sword
 s - a +0 dire flail
 B - a +0 trident
Missiles
 i - 22 bolts
 k - 132 stones (quivered)
 t - 13 sling bullets
 y - 35 poisoned darts
 C - 19 arrows
 D - 2 boomerangs
Magical Staves
 p - a staff of conjuration
Jewellery
 d - a +4 ring of evasion (left tentacle)
 g - an amulet of guardian spirit (around mantle)
 q - an amulet of magic regeneration
 v - a ring of resist corrosion (right tentacle)
Wands
 f - a wand of digging (7)
Scrolls
 c - 2 scrolls of magic mapping
 l - a scroll of fog
 n - 2 scrolls of fear
 o - 2 scrolls of blinking
 w - a scroll of silence {unknown}
 x - a scroll of enchant armour {unknown}
 z - a scroll of summoning {unknown}
 A - 2 scrolls of amnesia {unknown}
Potions
 m - 4 potions of brilliance
 u - a potion of attraction


   Skills:
 - Level 3.5 Fighting
 - Level 3.8 Axes
 + Level 4.1 Slings
 - Level 2.6 Dodging
 - Level 9.0 Stealth
 * Level 4.2 Spellcasting


You had 11 spell levels left.
You knew the following spells:

 Your Spells              Type           Power      Damage    Failure   Level
a - Blink                 Tloc           4%         N/A       30%         2
b - Static Discharge      Conj/Air       2%         N/A       30%         2

Your spell library contained the following spells:

 Spells                   Type           Power      Damage    Failure   Level
 Sublimation of Blood     Necr           2%         N/A       30%         2
 Lesser Beckoning         Tloc           2%         N/A       52%         3
 Petrify                  Tmut/Erth      2%         N/A       90%         4
 Irradiate                Conj/Tmut      1%         3d14      99%         5
 Lightning Bolt           Conj/Air       1%         1d12      99%         5
 Manifold Assault         Tloc           2%         N/A       99%         5
 Maxwell's Capacitive Co  Air            1%         ∞         100%        8


Dungeon Overview and Level Annotations

Branches:
Dungeon (6/15)             Temple (1/1) D:5

Altars:
Ashenzari
Cheibriados
Dithmenos
Gozag
Hepliaklqana
Kikubaaqudgha
Makhleb
Nemelex Xobeh
Okawaru
Sif Muna
Trog
Wu Jian
Yredelemnul
Zin
The Shining One

Shops:
D:2 [*!

Annotations:
D:5 3 runed translucent doors, siradein's ghost, novice OgFi


Innate Abilities, Weirdness & Mutations

You cannot wear most types of armour.
You are amphibious.
You can wear up to eight rings at the same time.
Your skin changes colour to match your surroundings (Stealth+).
Your rubbery body absorbs attacks. (AC +1, EV +1)
((You are camouflaged near water. (Stealth+)))
You have tentacles for arms and can constrict up to eight enemies at once.


Message History

An adder comes into view.
The orc completely misses you. The ice beast completely misses you.
The orc completely misses you.
Casting: Static Discharge (dangerous; 30% risk of failure)
Confirm with . or Enter, or press ? or * to list all spells.
The orc is struck by an arc of lightning.
The orc is almost dead.
The lightning grounds out.
A gnoll comes into view. It is wielding a +0 whip.
The orc misses you. The ice beast hits you. The ice beast freezes you!
The orc barely misses you.
You hear some strange, mumbled words.
You are confused.
Okay, then.
It was a potion of attraction.
You feel attractive to monsters.
The orc hits you with a +1 mace of holy wrath.
The ice beast hits you. The ice beast freezes you.
The orc hits you from afar with a +0 trident!
* * * LOW HITPOINT WARNING * * *
You hear some strange, mumbled words.
A magic dart appears from out of thin air!
The magic dart hits you.
* * * LOW HITPOINT WARNING * * *
The adder is attracted toward you. The gnoll is attracted toward you. x2
You're too confused to cast spells.
Okay, then.
The howler monkey hoots and howls with incredible vigour!
The howler monkey is attracted toward you.
The gnoll is attracted toward you. The adder is attracted toward you.
The gnoll is attracted toward you. x2
It was a potion of curing.
You feel better.
The orc hits you with a +1 mace of holy wrath.
* * * LOW HITPOINT WARNING * * *
The orc hits you from afar with a +0 trident.
* * * LOW HITPOINT WARNING * * *
The ice beast hits you.
* * * LOW HITPOINT WARNING * * *
The ice beast freezes you!
You die...

##...## #.............#..#.#
#..)..###...............##.#
#._.....#..........#+#.....
#....†.............#.....#
#####..............#.....#
#..........§.§§.§......# .
#.........h.Sg.........##g.
#.........oYggg............
#.........@{o##.....(......
####...#'#########.........
#.............#.........
#.............#.........
#.............#.........
###..<........#########.
##..........# #........###
#........#


You could see an ice beast, a howler monkey, 4 gnolls, an adder and 2 orcs.

Vanquished Creatures
  Eustachio (D:5)
  2 necrophages
  An ogre (D:5)
  A scorpion (D:3)
  A bullfrog (D:4)
  Blork the orc (D:5)
  5 hounds
  2 iguanas
  5 adders
  A white imp (D:4)
  An ufetubus (D:2)
  A worm (D:5)
  2 dart slugs
  5 orcs (D:4)
  2 ball pythons
  5 bats
  6 endoplasms
  2 giant cockroaches
  3 goblins
  5 hobgoblins
  8 jackals
  9 kobolds
  3 quokkas
  2 frilled lizards
  5 rats
79 creatures vanquished.

Vanquished Creatures (others)
  38 plants (D:2)
38 creatures vanquished.

Grand Total: 117 creatures vanquished

Notes
Turn   | Place    | Note
-------+----------+-------------------------------------------
     0 | D:5      | croobank the Octopode Delver began the quest for the Orb.
     0 | D:5      | Reached XP level 1. HP: 16/16 MP: 1/1
     1 | D:5      | Noticed an ogre
   141 | D:2      | Found Ymiti's Assorted Antiques.
   141 | D:2      | Found Buqius's Armour Boutique.
   144 | D:2      | Reached skill level 7 in Stealth
   144 | D:2      | Reached XP level 2. HP: 21/21 MP: 2/2
   150 | D:2      | Found a faded altar of an unknown god.
   602 | D:1      | Reached XP level 3. HP: 26/26 MP: 3/3
  1570 | D:2      | Reached XP level 4. HP: 30/31 MP: 4/4
  1573 | D:2      | Reached skill level 8 in Stealth
  1607 | D:2      | Found Tesah's Distillery.
  1667 | D:2      | Found Mile's Antique Armour Shop.
  2126 | D:3      | Noticed a scorpion
  2137 | D:3      | Killed a scorpion
  2138 | D:3      | Reached XP level 5. HP: 19/36 MP: 1/5
  3207 | D:4      | Reached skill level 9 in Stealth
  3207 | D:4      | Reached XP level 6. HP: 42/42 MP: 6/6
  4112 | D:5      | Found a staircase to the Ecumenical Temple.
  4120 | D:5      | Noticed Eustachio
  4120 | D:5      | Noticed a necrophage
  4121 | D:5      | Noticed Blork the orc
  4568 | D:4      | Killed a necrophage
  4569 | D:4      | Reached skill level 1 in Slings
  4569 | D:4      | Reached skill level 1 in Spellcasting
  4655 | D:5      | Learned a level 2 spell: Blink
  4658 | D:5      | Learned a level 2 spell: Static Discharge
  4669 | D:5      | Reached XP level 7. HP: 39/46 MP: 7/10
  4839 | D:5      | Killed Eustachio
  5260 | D:5      | Found a runed translucent gate.
  5260 | D:5      | Found a runed translucent gate.
  5260 | D:5      | Found a runed translucent gate.
  5261 | D:5      | Found an opulent altar of Gozag.
  5262 | D:5      | Noticed a hornet
  5262 | D:5      | Noticed siradein's ghost (novice OgFi)
  5357 | Temple   | Entered the Ecumenical Temple
  5560 | Temple   | Became a worshipper of Ashenzari the Shackled
  5658 | D:5      | Killed Blork the orc
  6296 | D:6      | Found a bloodstained altar of Trog.
  6304 | D:6      | Reached XP level 8. HP: 49/52 MP: 11/14
  6367 | D:6      | Slain by an ice beast

Illustrated notes

Levels and vault maps discovered:
D:1:      dpeg_arrival_shelter, layout_basic
D:2:      layout_loops_ring, basic_ecumenical_altar, serial_bayou,
          serial_bayou_shore_a, serial_bayou_pond_e, serial_bayou_lagoon_a,
          serial_bayou_pond_a, serial_bayou_shore_b, serial_shops, shop, shop,
          shop, shop_coins, kennysheep_potato
D:3:      layout_loops_corners, hex_tiny
D:4:      layout_basic
D:5:      layout_cave_pools, temple_fountains, ebering_ghost_gozag,
          uniq_blork_the_orc, uniq_eustachio
D:6:      layout_basic, mainiacjoe_overflow_small_starburst,
          nicolae_overflow_hidden_temple, grunt_qazlal_clouds, bloody_trog,
          uniq_crazy_yiuf_cottage
Temple:   dpeg_chambers_temple

Skill      XL: |  1  2  3  4  5  6  7 |
---------------+----------------------+-----
Stealth        | 7 8 9 |  9.0
Axes           | 3 |  3.8
Slings         | 2 4 |  4.1
Spellcasting   | 2 4 |  4.2
Fighting       | |  3.5
Dodging        | |  2.6

Action                   |  1- 3 |  4- 6 |  7- 9 || total
-------------------------+-------+-------+-------++-------
Melee: Hand axe          |    64 |    94 |    58 ||   216
       Constrict         |    13 |    22 |    13 ||    48
       Tentacles         |     9 |    20 |    21 ||    50
 Fire: Hunting sling     |       |    10 |       ||    10
 Cast: Static Discharge  |       |       |     3 ||     3
  Use: Scroll            |     1 |     4 |     2 ||     7
       Potion            |       |     1 |     4 ||     5
 Stab: Sleeping          |    16 |    10 |     2 ||    28
Armor: Skin              |     4 |     2 |     4 ||    10
Dodge: Dodged            |    42 |    71 |    62 ||   175

Table legend: (Time is in decaauts)
 A = Elapsed time spent in this place.
 B = Non-inter-level travel time spent in this place.
 C = Inter-level travel time spent in this place.
 D = Time resting spent in this place.
 E = Time spent auto-exploring this place.
 F = Levels seen in this place.
 G = Mean time per level.
                   A        B        C        D        E       F      G
               +--------+--------+--------+--------+--------+-----+--------+
         Total |   6384 |   6270 |    114 |   1135 |   3401 |   7 |  912.0 |
       Dungeon |   6090 |   5999 |     91 |   1135 |   3151 |   6 | 1015.0 |
        Temple |    293 |    270 |     23 |      0 |    250 |   1 |  293.0 |
               +--------+--------+--------+--------+--------+-----+--------+

Top non-repeatable levels by time:
     D:4: 2184 daAuts
     D:2: 1073 daAuts
     D:5: 1014 daAuts
     D:3: 921 daAuts
     D:1: 802 daAuts
  Temple: 293 daAuts
     D:6: 94 daAuts
